 Dungeon Sprint DCSS version 0.30-a0-58-gc0703345a7 (webtiles) character file.

Game seed: 3651295311584013819

46 mhtbhm the Digger (level 3, -4/19 HPs)
             Began as a Gargoyle Earth Elementalist on Sept 11, 2022.
             Slain by a wolf (5 damage)
             ... in the Dungeon (Sprint III: "The Ten Rune Challenge").
             The game lasted 00:00:30 (276 turns).

mhtbhm the Digger (Gargoyle Earth Elementalist)      Turns: 276, Time: 00:00:31

Health: -4/19      AC:  5    Str: 11    XL:     3   Next: 66%
Magic:  6/8        EV: 12    Int: 17    God:
Gold:   0          SH:  0    Dex: 10    Spells: 3/9 levels left

rFire   . . .      SeeInvis .    (no weapon)
rCold   . . .      Faith    .    (no shield)
rNeg    + . .      Spirit   .    a - +0 robe
rPois   ∞          Reflect  .    (no helmet)
rElec   +          Harm     .    (no cloak)
rCorr   .          Rampage  .    (no gloves)
Will    .....      NoTele   +    (no boots)
Stlth   ++........               (no amulet)
HPRegen 0.06/turn                (no ring)
MPRegen 0.11/turn                (no ring)

@: no status effects
A: sickness immunity, AC +3, negative energy resistance 1, electricity
resistance, torment resistance 1, petrification resistance
a: no special abilities


You were in the Dungeon.
You visited 1 branch

Inventory:

Armour
 a - a +0 robe (worn)
Scrolls
 g - 2 scrolls of blinking
Potions
 b - 2 potions of magic
 c - a potion of curing
 d - a potion of heal wounds
 e - a potion of haste
 f - a potion of berserk rage


   Skills:
 + Level 3.0 Dodging
 + Level 3.2 Stealth
 + Level 3.7 Spellcasting
 + Level 1.0 Transmutations
 + Level 6.5 Earth Magic


You had 3 spell levels left.
You knew the following spells:

 Your Spells              Type           Power      Damage    Failure   Level
a - Sandblast             Erth           50%        2d12      1%          1
b - Passwall              Tmut/Erth      12%        N/A       5%          2
c - Stone Arrow           Conj/Erth      28%        3d8       13%         3

Your spell library contained the following spells:

 Spells                   Type           Power      Damage    Failure   Level
 Petrify                  Tmut/Erth      15%        N/A       34%         4


Dungeon Overview and Level Annotations

Branches:
Dungeon (1/1)

Altars:


Innate Abilities, Weirdness & Mutations

You are immune to sickness and miasma.
Your stone body is resilient. (AC +3)
You are immune to poison.
You resist negative energy. (rN+)
You are resistant to electric shocks. (rElec)
You are resistant to unholy torment.
You are immune to petrification.


Message History

The human is almost dead.
The human hits you.
Unknown command.
Casting: Sandblast (safe; 1% risk of failure)
Confirm with . or Enter, or press ? or * to list all spells.
Aiming: Sandblast (safe; 1% risk of failure)
Press: ? - help, Shift-Dir - straight line, f/p - human
Aim: a human (almost dead, 76% to hit)
The blast of sand hits the human!
You kill the human!
Your Dodging skill increases to level 3!
Your Transmutations skill increases to level 1!
Your Earth Magic skill increases to level 6!
Unknown command.
You start resting.
HP restored.
You start resting.
Magic restored.
A wolf comes into view.
The wolf howls!
Casting: Sandblast (safe; 1% risk of failure)
Confirm with . or Enter, or press ? or * to list all spells.
Aiming: Sandblast (safe; 1% risk of failure)
Press: ? - help, Shift-Dir - straight line, f - wolf
Aim: a wolf (72% to hit)
The blast of sand hits the wolf.
The wolf is lightly wounded.
The wolf bites you. The wolf closely misses you.
Unknown command.
Casting: Sandblast (safe; 1% risk of failure)
Confirm with . or Enter, or press ? or * to list all spells.
Aiming: Sandblast (safe; 1% risk of failure)
Press: ? - help, Shift-Dir - straight line, f/p - wolf
Aim: a wolf (lightly wounded, 72% to hit)
The blast of sand hits the wolf.
The wolf is heavily wounded.
The wolf bites you. The wolf bites you!
* * * LOW HITPOINT WARNING * * *
The wolf bites you.
You die...

▓...#......##
▓..##.......# .#
▓##.##.##.)÷# .#
##.##.###..# ..#
▓#.####.##..# ...+
▓.###..##..##
#...# ▓#.....##..#
#....#
###..##...##.....#
##..##....#@h....#
#..###..##.#.....#
#..# #.. ####....#
▓▓▓▓ ▓▓▓ ▓▓▓▓▓


You could see a wolf.

Vanquished Creatures
  Jessica (D)
  A human (D)
  3 rats (D)
5 creatures vanquished.

Notes
Turn   | Place    | Note
-------+----------+-------------------------------------------
     0 | D        | mhtbhm the Gargoyle Earth Elementalist began the quest for
                  | the Orb.
     0 | D        | Reached XP level 1. HP: 10/10 MP: 3/3
    62 | D        | Noticed Jessica
    68 | D        | Killed Jessica
    69 | D        | Reached skill level 5 in Earth Magic
    69 | D        | Reached XP level 2. HP: 15/15 MP: 3/6
    69 | D        | Reached XP level 3. HP: 19/19 MP: 3/7
   211 | D        | Learned a level 2 spell: Passwall
   215 | D        | Learned a level 3 spell: Stone Arrow
   225 | D        | Reached skill level 1 in Transmutations
   225 | D        | Reached skill level 6 in Earth Magic
   276 | D        | Slain by a wolf

Illustrated notes

Levels and vault maps discovered:
D:        dungeon_sprint_mu [sprint_mu_entry_cave, sprint_mu_temple_rooms,
          sprint_mu_d1_spiders, sprint_mu_d2_genie, sprint_mu_d3_branching,
          sprint_mu_orc_legion, sprint_mu_elf_gauntlet, sprint_mu_hive_nellie,
          sprint_mu_lair_fedhas, sprint_mu_vaults_butterflies,
          sprint_mu_slime_circle, sprint_mu_shoals_kraken,
          sprint_mu_snake_twists, sprint_mu_blade_basic, sprint_mu_crypt_lich,
          sprint_mu_tomb_spiral, sprint_mu_vestibule_basic,
          sprint_mu_gehenna_hellfire, sprint_mu_dis_giant,
          sprint_mu_tartarus_statrot, sprint_mu_cocytus_islands, sprint_mu_zot1]

Skill      XL: |  1  2  3 |
---------------+----------+-----
Dodging        | 2 3 |  3.0
Stealth        | 3 |  3.2
Spellcasting   | 3 |  3.7
Earth Magic    | 5 6 |  6.5
Transmutations | 1 |  1.0

Action                   || total
-------------------------++-------
 Cast: Sandblast         ||    14
  Use: Potion            ||     1
Armor: Robe              ||     1
Dodge: Dodged            ||     3

Table legend: (Time is in decaauts)
 A = Elapsed time spent in this place.
 B = Non-inter-level travel time spent in this place.
 C = Inter-level travel time spent in this place.
 D = Time resting spent in this place.
 E = Time spent auto-exploring this place.
 F = Levels seen in this place.
 G = Mean time per level.
                   A        B        C        D        E       F      G
               +--------+--------+--------+--------+--------+-----+--------+
         Total |    282 |    282 |      0 |    178 |     53 |   1 |  282.0 |
       Dungeon |    282 |    282 |      0 |    178 |     53 |   1 |  282.0 |
               +--------+--------+--------+--------+--------+-----+--------+

Top non-repeatable levels by time:
       D: 282 daAuts
